 Dungeon Crawl Stone Soup version 0.29-a0-925-g0a7a3d12f8 (webtiles) character file.

Game seed: 541828129152481721

4850 Pooter the Fighter (level 10, -5/141 HPs)
             Began as a Minotaur Berserker on July 29, 2022.
             Was a Believer of Trog.
             Slain by a vampire
             ... wielding a +1 vampiric glaive
              (9 damage)
             ... in a bailey.
             The game lasted 00:51:48 (10145 turns).

Pooter the Fighter (Minotaur Berserker)            Turns: 10145, Time: 00:51:48

Health: -5/141     AC: 15    Str: 24    XL:     10   Next: 25%
Magic:  9/9        EV:  7    Int:  6    God:    Trog [**....]
Gold:   232        SH:  5    Dex: 10    Spells: 9/9 levels left

rFire   . . .      SeeInvis .   a - +1 war axe
rCold   . . .      Faith    .   (no shield)
rNeg    . . .      Spirit   .   c - +1 plate armour
rPois   .          Reflect  +   (helmet restricted)
rElec   .          Harm     .   q - +0 cloak
rCorr   .          Rampage  .   y - +0 pair of gloves
Will    ++...                   M - +0 pair of boots
Stlth   ..........              i - amulet of reflection
HPRegen 1.33/turn               (no ring)
MPRegen 0.11/turn               (no ring)

@: berserking (expiring), strong-willed, regenerating, very quick
A: horns 2, retaliatory headbutt
a: Renounce Religion, Berserk, Trog's Hand


You were in a bailey.
You worshipped Trog.
Trog was pleased with you.
You visited 1 branch of the dungeon, and saw 9 of its levels.
You also visited: Bailey.

You collected 483 gold pieces.
You spent 251 gold pieces at shops.

Inventory:

Hand Weapons
 a - a +1 war axe (weapon)
   (You found it on level 5 of the Dungeon)
 b - a +0 arbalest of freezing
   (You bought it in a shop on level 6 of the Dungeon)
 n - a +0 falchion of holy wrath
   (You found it on level 2 of the Dungeon)
 B - a +2 whip of flaming
   (You found it on level 2 of the Dungeon)
 K - a +0 sling
   (You found it on level 2 of the Dungeon)
 S - a +1 vorpal trident
   (You took it off a gnoll sergeant on level 7 of the Dungeon)
Missiles
 d - 5 boomerangs (quivered)
 k - 4 throwing nets {!f}
 F - 18 poisoned darts
 Q - 46 stones
Armour
 c - a +1 plate armour (worn)
   (You found it on level 3 of the Dungeon)
 q - a +0 cloak (worn)
   (You found it on level 6 of the Dungeon)
 y - a +0 pair of gloves (worn)
   (You found it on level 3 of the Dungeon)
 C - a +3 ring mail of poison resistance
   (You took it off Duvessa on level 4 of the Dungeon)
 M - a +0 pair of boots (worn)
   (You found it on level 6 of the Dungeon)
Jewellery
 i - an amulet of reflection (around neck)
   (You found it on level 9 of the Dungeon)
 L - an amulet of faith {!P}
   (You found it on level 6 of the Dungeon)
Wands
 f - a wand of flame (6)
   (You bought it in a shop on level 1 of the Dungeon)
 u - a wand of paralysis (10)
   (You found it on level 3 of the Dungeon)
 E - a wand of light (6)
   (You found it on level 4 of the Dungeon)
 O - a wand of polymorph (4)
   (You took it off Pikel on level 7 of the Dungeon)
Scrolls
 g - a scroll of torment {!r}
 l - 4 scrolls of noise {!r}
 m - 3 scrolls of vulnerability {!r}
 o - 3 scrolls of blinking
 p - a scroll of butterflies
 s - a scroll of fear
 t - 4 scrolls of teleportation {@r4}
 w - a scroll of silence
 x - 2 scrolls of magic mapping
 D - a scroll of poison {!r}
 H - 2 scrolls of immolation {!r}
Potions
 e - 2 potions of magic {unknown}
 h - 5 potions of curing {@q1}
 j - a potion of invisibility {unknown}
 r - 2 potions of degeneration {unknown}
 v - 4 potions of attraction {!q}
 z - 3 potions of flight {unknown}
 A - a potion of lignification {unknown}
 G - a potion of mutation {unknown}
 J - a potion of haste {unknown}
 P - a potion of heal wounds {unknown}
 R - a potion of ambrosia {unknown}


   Skills:
 * Level 10.7 Fighting
 * Level 9.8(10.1) Axes
 - Level 2.5(6.7) Maces & Flails
 - Level 1.3(6.3) Polearms
 * Level 8.4 Ranged Weapons
 - Level 3.2 Armour
 - Level 2.1 Dodging
 + Level 4.7 Evocations


You had 9 spell levels left.
You didn't know any spells.
Your spell library was empty.

Dungeon Overview and Level Annotations

Branches:
Dungeon (9/15)             Temple (0/1) D:4             Orc (0/2) D:9
 Bailey (1/1)
   Lair: D:8-11

Altars:
Ashenzari
Elyvilon
Hepliaklqana
Kikubaaqudgha
Nemelex Xobeh
Qazlal
Ru
Sif Muna
Vehumet
Wu Jian
Xom

Shops:
D:1 *   D:6 (

Annotations:
D:3 1 runed translucent door, Crazy Yiuf
D:9 Erica, Gastronok


Innate Abilities, Weirdness & Mutations

You have a pair of horns on your head.
You reflexively headbutt those who attack you in melee.


Message History

The vampire hits you with a +1 vampiric glaive!
The vampire draws strength from your wounds!
The vampire closely misses you.
You hit the vampire but do no damage. You headbutt the vampire.
The vampire hits you with a +1 vampiric glaive.
The vampire draws strength from your wounds!
You block the vampire's attack.
You barely miss the vampire.
You headbutt the vampire, but do no damage.
The vampire hits you with a +1 vampiric glaive.
* * * LOW HITPOINT WARNING * * *
The vampire draws strength from your wounds!
You block the vampire's attack.
A red film seems to cover your vision as you go berserk!
You feel yourself moving faster!
You feel mighty!
The vampire hits you with a +1 vampiric glaive!
* * * LOW HITPOINT WARNING * * *
You block the vampire's attack.
You slash the vampire! You hit the vampire but do no damage.
The vampire gestures wildly while chanting.
The vampire flickers and vanishes!
Deactivating autopickup; reactivate with Ctrl-A.
You hit something but do no damage. Something hits you!!
* * * LOW HITPOINT WARNING * * *
Something bites you but does no damage.
You hit something. You headbutt something.
Unknown command.
You barely miss something. You headbutt something. Something hits you!
* * * LOW HITPOINT WARNING * * *
Something bites you.
* * * LOW HITPOINT WARNING * * *
Something draws strength from your injuries!
You are too berserk!
You closely miss something. Your headbutt misses something.
You hit something but do no damage. Something hits you!
* * * LOW HITPOINT WARNING * * *
Something bites you.
* * * LOW HITPOINT WARNING * * *
Something draws strength from your injuries!
You hit something. Your headbutt misses something. Something hits you.
* * * LOW HITPOINT WARNING * * *
Something bites you but does no damage.
You hit something but do no damage. Something hits you!
You die...

##### #8[[.## ##[
..![## #8. #{.8# #..
#@.# #..# ##..#######
#...##...#8....
#......##....
##....##...#######
###''##...##....8#
#.........#......#+####
#8.......))......#....#
#########.)..#...#....#


There were no monsters in sight!

Vanquished Creatures
  Pikel (D:7)
  Joseph (D:7)
  A troll (D:9)
  Grinder (D:6)
  Sigmund (D:3)
  A wyvern (D:9)
  Eustachio (D:6)
  Menkaure (D:6)
  2 water moccasins
  Duvessa (D:4)
  2 sky beasts (D:6)
  An ice beast (D:5)
  2 ogres
  A lemure (D:6)
  2 centaurs (D:9)
  A phantom (D:5)
  A kobold brigand (D:8)
  2 bullfrogs
  A gnoll sergeant (D:7)
  3 scorpions
  3 necrophages
  A wight (D:9)
  Dowan (D:4)
  8 vampire bats (Bailey)
  A howler monkey (D:5)
  7 wolf zombies (Bailey)
  5 hounds
  A gnoll bouda (D:5)
  4 orc priests
  3 iguanas
  5 orc wizards
  8 gnolls
  6 adders
  A shadow imp (D:7)
  An ufetubus (D:5)
  3 dart slugs
  29 orcs
  4 endoplasms
  6 giant cockroaches
  3 goblins
  4 hobgoblins
  A quokka (D:4)
  6 ball pythons
  6 bats
  4 frilled lizards
  11 kobolds
  18 orc zombies (Bailey)
  6 rats
183 creatures vanquished.

Vanquished Creatures (others)
  A fungus (D:3)
  A plant (D:6)
2 creatures vanquished.

Grand Total: 185 creatures vanquished

Notes
Turn   | Place    | Note
-------+----------+-------------------------------------------
     0 | D:1      | Pooter the Minotaur Berserker began the quest for the Orb.
     0 | D:1      | Reached XP level 1. HP: 19/19 MP: 0/0
   194 | D:1      | Reached skill level 4 in Fighting
   475 | D:1      | Reached XP level 2. HP: 27/27 MP: 1/1
   727 | D:1      | Found Ufikik's General Store.
   737 | D:1      | Bought a potion of curing for 42 gold pieces
  1104 | D:2      | Reached XP level 3. HP: 34/34 MP: 2/2
  1367 | D:2      | Reached ** piety under Trog
  1388 | D:2      | Found a faded altar of an unknown god.
  1438 | D:2      | Reached skill level 5 in Fighting
  1872 | D:1      | Bought a wand of flame (10) for 98 gold pieces
  1929 | D:3      | Reached XP level 4. HP: 37/42 MP: 3/3
  1952 | D:3      | Reached skill level 1 in Ranged Weapons
  2047 | D:3      | Noticed Sigmund
  2053 | D:3      | Killed Sigmund
  2054 | D:3      | Reached skill level 6 in Fighting
  2054 | D:3      | Reached skill level 1 in Maces & Flails
  2054 | D:3      | Reached skill level 1 in Evocations
  2054 | D:3      | Reached XP level 5. HP: 50/50 MP: 4/4
  2054 | D:3      | Reached XP level 6. HP: 57/57 MP: 5/5
  2410 | D:3      | Found an ornate altar of the Wu Jian Council.
  2578 | D:3      | Reached skill level 5 in Axes
  2894 | D:3      | Found a runed translucent door.
  2895 | D:3      | Noticed Crazy Yiuf
  2950 | D:4      | Found a staircase to the Ecumenical Temple.
  3427 | D:4      | Found a broken altar of Ashenzari.
  3909 | D:4      | Found a radiant altar of Vehumet.
  3951 | D:4      | Reached XP level 7. HP: 54/64 MP: 6/6
  4038 | D:4      | Noticed Dowan
  4039 | D:4      | Noticed Duvessa
  4048 | D:4      | Killed Dowan
  4062 | D:4      | Killed Duvessa
  4063 | D:4      | Reached skill level 1 in Polearms
  4734 | D:5      | Entered Level 5 of the Dungeon
  4915 | D:5      | Reached skill level 7 in Fighting
  5076 | D:5      | Reached XP level 8. HP: 73/73 MP: 7/7
  5214 | D:5      | Reached skill level 5 in Ranged Weapons
  5715 | D:6      | Reached skill level 8 in Fighting
  5763 | D:6      | Noticed Menkaure
  5857 | D:6      | Killed Menkaure
  5889 | D:6      | Noticed Grinder
  5905 | D:6      | Killed Grinder
  6024 | D:6      | Found Atygok's Hydra Hut.
  6025 | D:6      | Noticed an eight-headed hydra
  6031 | D:6      | Bought a +0 arbalest of freezing for 111 gold pieces
  6143 | D:6      | Reached XP level 9. HP: 82/82 MP: 8/8
  6517 | D:6      | Reached skill level 9 in Fighting
  6701 | D:6      | Noticed Eustachio
  6711 | D:6      | Killed Eustachio
  6848 | D:6      | Found a shimmering altar of Xom.
  6853 | D:6      | Found an ancient bone altar of Kikubaaqudgha.
  6854 | D:6      | Found a sparkling altar of Nemelex Xobeh.
  6854 | D:6      | Found a stormy altar of Qazlal.
  6854 | D:6      | Found a white marble altar of Elyvilon.
  6857 | D:6      | Found a hazy altar of Hepliaklqana.
  6858 | D:6      | Found a sacrificial altar of Ru.
  7201 | D:7      | Noticed Pikel
  7274 | D:7      | Killed Pikel
  7756 | D:7      | Noticed Joseph
  7775 | D:7      | Killed Joseph
  7776 | D:7      | Reached skill level 10 in Fighting
  8212 | D:7      | Found a shimmering blue altar of Sif Muna.
  8876 | D:9      | Noticed a troll
  8882 | D:9      | Killed a troll
  8883 | D:9      | Reached XP level 10. HP: 93/93 MP: 9/9
  8999 | D:9      | Found a flagged portal.
  9003 | D:9      | Noticed Gastronok
  9005 | D:9      | Noticed Erica
  9007 | Bailey   | Entered a bailey
 10129 | Bailey   | Found the +0 pair of fencer's gloves {Riposte Dex+3}
 10143 | Bailey   | HP: 6/141 [something (5)]
 10145 | Bailey   | Slain by a vampire

Illustrated notes

Levels and vault maps discovered:
D:1:      onia_arrival_mini_spirals, layout_basic, serial_shops, shop,
          serial_bayou_lake_a
D:2:      layout_loops_cross, shapermc_ecumenical_altar_rom_forum
D:3:      layout_basic, nicolae_wu_jian_immortal_techniques,
          chequers_serial_rivers_large_b, uniq_sigmund, uniq_crazy_yiuf_cottage
D:4:      layout_layer_cave, chequers_temple_overflow_statue_of_worship,
          minmay_temple_entry_trees, amcnicky_mini_pool_small,
          chequers_serial_rivers_small_b, dreamdust_mushroom_princess,
          minmay_fountain_box, uniq_duvessa
D:5:      layout_basic, water_boxes_lemuel
D:6:      layout_basic, minitemple, doesnt_shop_hydraphobe, uniq_eustachio,
          uniq_grinder, uniq_menkaure
D:7:      layout_rooms, kennysheep_mini_moat, serial_park_tiny_1, uniq_joseph,
          uniq_pikel
D:8:      layout_cave_pools
D:9:      layout_roguey, orc_0_dummy, enter_bailey_2, uniq_erica, uniq_gastronok
Bailey:   bailey_polearm_vampire_castle_hellmonk, bailey

Skill      XL: |  1  2  3  4  5  6  7  8  9 10 |
---------------+-------------------------------+-----
Fighting       | 4 5 6 7 8 10 | 10.7
Axes           | 4 5 6 7 9 |  9.8
Ranged Weapons | 2 3 4 6 7 8 |  8.4
Maces & Flails | 1 2 |  2.5
Evocations     | 1 2 3 4 |  4.7
Polearms       | 1 |  1.3
Armour         | 3 |  3.2
Dodging        | |  2.1

Action                   |  1- 3 |  4- 6 |  7- 9 | 10-12 || total
-------------------------+-------+-------+-------+-------++-------
Melee: Hand axe          |    13 |       |       |       ||    13
       Headbutt          |     4 |    12 |    27 |    30 ||    73
       Short sword       |    46 |       |       |       ||    46
       Whip              |     3 |    87 |       |       ||    90
       Trident           |       |     6 |    33 |       ||    39
       War axe           |       |       |   102 |    81 ||   183
       Unarmed           |       |       |     5 |       ||     5
       Falchion          |       |       |       |    10 ||    10
 Fire: Sling             |     4 |    33 |    21 |       ||    58
       Arbalest          |       |       |    58 |    15 ||    73
Throw: Boomerang         |     4 |       |       |       ||     4
       Dart              |       |       |     3 |       ||     3
Invok: Berserk           |     2 |     7 |     8 |     2 ||    19
       Trog's Hand       |       |     5 |     7 |     2 ||    14
Evoke: Wand              |       |       |     9 |     1 ||    10
  Use: Scroll            |     2 |     4 |    11 |     1 ||    18
       Potion            |       |       |     1 |       ||     1
 Stab: Paralysed         |       |       |    18 |       ||    18
Armor: Scale mail        |    25 |    26 |       |       ||    51
       Animal skin       |     2 |       |       |       ||     2
       Plate armour      |       |    33 |    42 |   109 ||   184
       Ring mail         |       |       |    41 |       ||    41
Dodge: Dodged            |    47 |    30 |   117 |    63 ||   257
Block: Other             |       |       |       |    37 ||    37

Table legend: (Time is in decaauts)
 A = Elapsed time spent in this place.
 B = Non-inter-level travel time spent in this place.
 C = Inter-level travel time spent in this place.
 D = Time resting spent in this place.
 E = Time spent auto-exploring this place.
 F = Levels seen in this place.
 G = Mean time per level.
                   A        B        C        D        E       F      G
               +--------+--------+--------+--------+--------+-----+--------+
         Total |  10457 |  10082 |    375 |   2923 |   5424 |  10 | 1045.7 |
       Dungeon |   9301 |   8926 |    375 |   1993 |   5424 |   9 | 1033.4 |
        Bailey |   1156 |   1156 |      0 |    930 |      0 |   1 | 1156.0 |
               +--------+--------+--------+--------+--------+-----+--------+

Top non-repeatable levels by time:
     D:4: 1824 daAuts
     D:6: 1387 daAuts
     D:7: 1314 daAuts
     D:1: 1184 daAuts
     D:3: 1171 daAuts
  Bailey: 1156 daAuts
     D:5: 932 daAuts
     D:2: 721 daAuts
     D:8: 611 daAuts
     D:9: 153 daAuts
